 Dungeon Crawl Stone Soup version 0.26-a0-1161-g0398aca569 (webtiles) character file.

Game seed: 6956389905745792714

21347 Gargoyl the Fighter (level 12, -9/97 HPs)
             Began as a Gnoll Abyssal Knight on Dec 27, 2020.
             Was an Elder of Lugonu.
             Mangled by a swamp worm (16 damage)
             ... on level 2 of the Lair of Beasts.
             The game lasted 00:26:39 (19776 turns).

Gargoyl the Fighter (Gnoll Abyssal Knight)         Turns: 19776, Time: 00:26:40

Health: -9/97      AC: 17    Str: 20    XL:     12   Next: 89%
Magic:  23/23      EV: 10    Int: 15    God:    Lugonu [****..]
Gold:   270        SH: 11    Dex: 14    Spells: 26/26 levels left

rFire    . . .     SeeInvis .   F - +2 broad axe (flame)
rCold    . . .     Faith    .   f - +0 kite shield
rNeg     + . .     Spirit   .   L - +2 storm dragon scales
rPois    +         Reflect  .   m - +2 helmet
rElec    +         Harm     .   K - +0 cloak {rPois}
rCorr    .         Rampage  .   (no gloves)
Will     ++...                  (no boots)
Stlth    +.........             (no amulet)
HPRegen  0.26/turn              j - ring of positive energy
MPRegen  0.18/turn              e - ring of willpower

@: no status effects
A: distributed training, fangs 1, slimy green scales 1, deformed body,
strong-willed 1, strong nose
a: Renounce Religion, Depart the Abyss, Bend Space, Banish, Corrupt


You were on level 2 of the Lair of Beasts.
You worshipped Lugonu.
Lugonu was greatly pleased with you.
You visited 2 branches of the dungeon, and saw 13 of its levels.
You visited the Abyss 2 times.
You visited 1 bazaar.

You collected 1645 gold pieces.
You spent 1375 gold pieces at shops.

Inventory:

Hand Weapons
 o - a +3 trident of flaming
 y - a +5 war axe of electrocution
 A - a +0 scimitar of holy wrath
 F - a +2 broad axe of flaming (weapon)
Missiles
 B - 7 poisoned darts (quivered)
Armour
 f - a +0 kite shield (worn)
 m - a +2 helmet (worn)
 q - a +2 cloak of willpower
 u - +0 fire dragon scales
 K - a +0 cloak of poison resistance (worn)
 L - +2 storm dragon scales (worn)
Jewellery
 e - a ring of willpower (right hand)
 g - an uncursed ring of fire
 i - an uncursed ring of flight
 j - a ring of positive energy (left hand)
 M - a +6 ring of dexterity
 P - an uncursed ring of poison resistance {unknown}
Wands
 k - a wand of paralysis (23)
 p - a wand of iceblast (17)
 v - a wand of random effects (58)
 w - a wand of acid (12)
 z - a wand of enslavement (7)
 C - a wand of polymorph (7)
 I - a wand of digging (10)
Scrolls
 b - 11 scrolls of remove curse
 h - 7 scrolls of identify
 n - 3 scrolls of fog
 x - 11 scrolls of teleportation
 J - a scroll of immolation
 O - a scroll of brand weapon
Potions
 c - 2 potions of haste
 d - 3 potions of might
 l - 3 potions of cancellation
 r - 3 potions of flight
 s - 6 potions of heal wounds
 t - a potion of brilliance
 D - 2 potions of curing
 E - a potion of invisibility
 G - a potion of mutation
 H - 3 potions of berserk rage
 N - a potion of lignification {unknown}
Miscellaneous
 a - a box of beasts


   Skills:
 + Level 10.1 Fighting
 + Level 7.7 Short Blades
 + Level 7.7 Long Blades
 + Level 9.0 Axes
 + Level 7.7 Maces & Flails
 + Level 7.7 Polearms
 + Level 7.7 Staves
 + Level 7.7 Slings
 + Level 7.7 Bows
 + Level 7.7 Crossbows
 + Level 7.7 Throwing
 + Level 9.0 Armour
 + Level 8.2 Dodging
 + Level 7.7 Stealth
 + Level 7.7 Shields
 + Level 7.7 Unarmed Combat
 + Level 7.7 Spellcasting
 + Level 6.4 Conjurations
 + Level 6.4 Hexes
 + Level 6.4 Summonings
 + Level 6.4 Necromancy
 + Level 6.4 Translocations
 + Level 6.4 Transmutations
 + Level 6.4 Fire Magic
 + Level 6.4 Ice Magic
 + Level 6.4 Air Magic
 + Level 6.4 Earth Magic
 + Level 6.4 Poison Magic
 + Level 9.6 Invocations
 + Level 7.7 Evocations


You had 26 spell levels left.
You didn't know any spells.
Your spell library contained the following spells:

 Spells                   Type           Power        Failure   Level
 Animate Skeleton         Necr           50%          17%         1
 Magic Dart               Conj           100%         17%         1
 Pain                     Necr           100%         17%         1
 Shock                    Conj/Air       100%         17%         1
 Blink                    Tloc           N/A          26%         2
 Searing Ray              Conj           50%          26%         2
 Swiftness                Air            25%          26%         2
 Confusing Touch          Hex            25%          45%         3
 Dazzling Flash           Conj/Hex       50%          45%         3
 Gell's Gravitas          Tloc           12%          45%         3
 Lesser Beckoning         Tloc           12%          45%         3
 Static Discharge         Conj/Air       25%          45%         3
 Teleport Other           Tloc           25%          45%         3
 Vampiric Draining        Necr           12%          45%         3
 Airstrike                Air            12%          86%         4
 Animate Dead             Necr           12%          86%         4
 Fulminant Prism          Conj/Hex       12%          86%         4
 Iskenderun's Mystic Bla  Conj/Tloc      25%          86%         4
 Passage of Golubria      Tloc           N/A          86%         4
 Petrify                  Tmut/Erth      25%          86%         4
 Agony                    Necr           25%          99%         5
 Lightning Bolt           Conj/Air       12%          99%         5
 Metabolic Englaciation   Hex/Ice        12%          99%         5
 Yara's Violent Unravell  Hex/Tmut       12%          99%         5


Dungeon Overview and Level Annotations

Branches:
Dungeon (11/15)            Temple (0/1) D:7            Lair (2/6) D:11
  Swamp (0/4) Lair:2          Orc (0/2) D:11
  Snake: Lair:2-4    Spider: Lair:2-4

Altars:
Dithmenos
Elyvilon
Fedhas
Makhleb
Nemelex Xobeh
Ru
Xom
Yredelemnul
Zin
Beogh

Shops:
D:7 *   D:8 (   D:11 :

Annotations:
D:4 2 transporters, coier1's ghost, novice GnWn


Innate Abilities, Weirdness & Mutations

Your experience applies equally to all skills.
You have very sharp teeth.
Your uncanny sense of smell can sniff out nearby items.
You are partially covered in slimy green scales. (AC +2)
Armour fits poorly on your strangely shaped body.
You are strong-willed. (Will+)


Message History

You hit the swamp worm. You burn the swamp worm.
You hit the wolf but do no damage. You closely miss the wolf.
You slash the cane toad! You burn the cane toad.
The wolf bites you but does no damage. x2
The swamp worm completely misses you. The wolf bites you but does no damage.
You block the cane toad's attack. The wolf bites you but does no damage.
You block the five-headed hydra's attack.
The five-headed hydra bites you but does no damage.
You block the five-headed hydra's attack.
The five-headed hydra bites you.
* * * LOW HITPOINT WARNING * * *
The five-headed hydra bites you!
* * * LOW HITPOINT WARNING * * *
The swamp worm bites you!
* * * LOW HITPOINT WARNING * * *
The wolf closely misses you.
You feel much better. You block the wolf's attack. The cane toad stings you!
* * * LOW HITPOINT WARNING * * *
You block the wolf's attack. The swamp worm bites you!
You die...

### ## #.#### ### #
.###.##.#..########.####
........................
......wh................
......D@................
......Fh................
....#.##................
... ## ####.............
. #...##P.##.#..
#...###.#####. ..
##..###### ##. ...
###.....# #..
....####.##...## ##.


You could see a five-headed hydra, a cane toad, a swamp worm and 2 wolves.

Vanquished Creatures
  An ettin (D:10)
  3 two-headed ogres (D:10)
  An orc high priest (D:10)
  An unseen horror (D:10)
  Pikel (D:6)
  An orc sorcerer (D:10)
  Joseph (D:10)
  2 black mambas
  Maurice (D:8)
  Maggie (D:7)
  5 cane toads
  A gargoyle (D:11)
  A komodo dragon (Lair:2)
  3 meliai (D:11)
  4 trolls
  2 hornets
  4 basilisks
  A vampire (D:11)
  A wyvern (D:8)
  24 yaks
  A steam dragon (D:8)
  A soldier ant (D:7)
  A water moccasin (Lair:2)
  2 hell hounds (Lair:1)
  4 orc warriors
  3 ice beasts
  3 phantoms
  7 sky beasts
  A black bear (D:8)
  6 ogres
  5 wolves
  9 centaurs
  A lemure (D:5)
  2 big kobolds
  A gnoll sergeant (D:3)
  4 bullfrogs
  2 wyvern skeletons
  A scorpion (D:9)
  6 wights
  3 electric eels (Lair:1)
  4 howler monkeys
  3 hounds
  8 orc priests
  A bullfrog skeleton (D:8)
  A jelly (D:7)
  12 orc wizards
  3 gnoll shamans
  4 iguanas
  7 worker ants
  A hound zombie (D:6)
  2 hound skeletons
  A mummy (D:6)
  50 gnolls
  13 adders
  2 shadow imps (D:9)
  3 white imps
  2 ufetubi
  An adder skeleton (D:9)
  An adder zombie (D:7)
  6 worms
  2 leopard geckos
  44 orcs
  2 ball pythons (D:3)
  5 giant cockroaches
  8 hobgoblins
  23 jackals
  14 kobolds
  3 quokkas
  8 bats
  5 frilled lizards
  4 goblins
  A hobgoblin zombie (D:6)
  A kobold zombie (D:6)
  A leopard gecko skeleton (D:4)
  5 rats
373 creatures vanquished.

Vanquished Creatures (others)
  A sky beast (D:9)
  An orc (D:4)
  3 fungi (Lair:2)
  7 plants
12 creatures vanquished.

Grand Total: 385 creatures vanquished

Notes
Turn   | Place    | Note
-------+----------+-------------------------------------------
     0 | Abyss:1  | Gargoyl the Gnoll Abyssal Knight began the quest for the
                  | Orb.
     0 | Abyss:1  | Reached XP level 1. HP: 23/23 MP: 3/3
    71 | Abyss:1  | Noticed a starcursed mass
   261 | Abyss:1  | Noticed a smoke demon
   262 | D:1      | Escaped the Abyss
   597 | D:1      | Reached XP level 2. HP: 29/29 MP: 5/5
  1225 | D:2      | Reached XP level 3. HP: 35/35 MP: 6/6
  1277 | D:2      | Reached * piety under Lugonu
  1866 | D:3      | Reached skill level 1 in Short Blades
  1866 | D:3      | Reached skill level 1 in Long Blades
  1866 | D:3      | Reached skill level 1 in Maces & Flails
  1866 | D:3      | Reached skill level 1 in Polearms
  1866 | D:3      | Reached skill level 1 in Staves
  1866 | D:3      | Reached skill level 1 in Slings
  1866 | D:3      | Reached skill level 1 in Bows
  1866 | D:3      | Reached skill level 1 in Crossbows
  1866 | D:3      | Reached skill level 1 in Throwing
  1866 | D:3      | Reached skill level 1 in Stealth
  1866 | D:3      | Reached skill level 1 in Shields
  1866 | D:3      | Reached skill level 1 in Unarmed Combat
  1866 | D:3      | Reached skill level 1 in Spellcasting
  1866 | D:3      | Reached skill level 1 in Evocations
  1939 | D:3      | Reached XP level 4. HP: 41/41 MP: 7/7
  1963 | D:3      | Reached skill level 1 in Conjurations
  1963 | D:3      | Reached skill level 1 in Hexes
  1963 | D:3      | Reached skill level 1 in Summonings
  1963 | D:3      | Reached skill level 1 in Necromancy
  1963 | D:3      | Reached skill level 1 in Translocations
  1963 | D:3      | Reached skill level 1 in Transmutations
  1963 | D:3      | Reached skill level 1 in Fire Magic
  1963 | D:3      | Reached skill level 1 in Ice Magic
  1963 | D:3      | Reached skill level 1 in Air Magic
  1963 | D:3      | Reached skill level 1 in Earth Magic
  1963 | D:3      | Reached skill level 1 in Poison Magic
  2395 | D:3      | Reached XP level 5. HP: 45/47 MP: 8/8
  2488 | D:3      | Found a faded altar of an unknown god.
  2618 | D:3      | Reached ** piety under Lugonu
  2735 | D:3      | HP: 1/47 [gnoll (3)]
  3068 | D:3      | Reached skill level 5 in Invocations
  3073 | D:3      | Reached XP level 6. HP: 48/53 MP: 9/9
  3211 | D:3      | Gained mutation: Your body sometimes deteriorates upon
                  | taking damage. [potion of mutation]
  3211 | D:3      | Gained mutation: You have an increased reservoir of magic.
                  | (+10% MP) [potion of mutation]
  3211 | D:3      | Gained mutation: You are somewhat resistant to further
                  | mutation. [potion of mutation]
  3241 | D:4      | Reached skill level 5 in Axes
  3241 | D:4      | Reached skill level 5 in Armour
  4154 | D:3      | Reached XP level 7. HP: 59/59 MP: 12/12
  4209 | D:3      | Reached skill level 7 in Fighting
  5076 | D:3      | Reached *** piety under Lugonu
  5600 | D:4      | Reached XP level 8. HP: 61/67 MP: 13/13
  5678 | D:4      | Found a transporter.
  5709 | D:4      | Noticed coier1's ghost (novice GnWn)
  5723 | D:4      | Found a transporter.
  6395 | D:5      | Entered Level 5 of the Dungeon
  6781 | D:5      | Found a shadowy altar of Dithmenos.
  7286 | D:6      | Noticed Pikel
  7622 | D:6      | Reached XP level 9. HP: 72/72 MP: 14/16
  7627 | D:5      | Reached **** piety under Lugonu
  8267 | D:6      | Found a blossoming altar of Fedhas.
  8418 | D:6      | Killed Pikel
  8419 | D:6      | Reached skill level 8 in Fighting
  8419 | D:6      | Reached skill level 5 in Dodging
  8483 | D:6      | Found a glowing silver altar of Zin.
  8643 | D:6      | Found a sacrificial altar of Ru.
  9247 | D:7      | Found Ypurutuem's General Store.
  9254 | D:7      | Bought a potion of heal wounds for 70 gold pieces
  9433 | D:6      | Reached XP level 10. HP: 31/80 MP: 18/18
  9892 | D:7      | Found a sparkling altar of Nemelex Xobeh.
  9965 | D:7      | Noticed Maggie
  9977 | D:7      | Killed Maggie
  9978 | D:7      | Reached skill level 5 in Short Blades
  9978 | D:7      | Reached skill level 5 in Long Blades
  9978 | D:7      | Reached skill level 5 in Maces & Flails
  9978 | D:7      | Reached skill level 5 in Polearms
  9978 | D:7      | Reached skill level 5 in Staves
  9978 | D:7      | Reached skill level 5 in Slings
  9978 | D:7      | Reached skill level 5 in Bows
  9978 | D:7      | Reached skill level 5 in Crossbows
  9978 | D:7      | Reached skill level 5 in Throwing
  9978 | D:7      | Reached skill level 5 in Stealth
  9978 | D:7      | Reached skill level 5 in Shields
  9978 | D:7      | Reached skill level 5 in Unarmed Combat
  9978 | D:7      | Reached skill level 5 in Spellcasting
  9978 | D:7      | Reached skill level 5 in Evocations
 10125 | D:7      | Found a staircase to the Ecumenical Temple.
 10175 | D:7      | Found a burning altar of Makhleb.
 10458 | D:8      | Noticed Maurice
 10464 | D:8      | Found a white marble altar of Elyvilon.
 10475 | D:8      | Killed Maurice
 10590 | D:8      | Reached ***** piety under Lugonu
 10740 | D:8      | Found Jifuemm's Hydra Hut.
 10741 | D:8      | Noticed a seven-headed hydra
 10744 | D:8      | Bought a +2 broad axe of flaming for 211 gold pieces
 10870 | D:8      | Found a shimmering altar of Xom.
 12263 | D:9      | Reached XP level 11. HP: 52/87 MP: 21/21
 12505 | D:9      | Reached skill level 9 in Fighting
 12505 | D:9      | Reached skill level 5 in Conjurations
 12505 | D:9      | Reached skill level 5 in Hexes
 12505 | D:9      | Reached skill level 5 in Summonings
 12505 | D:9      | Reached skill level 5 in Necromancy
 12505 | D:9      | Reached skill level 5 in Translocations
 12505 | D:9      | Reached skill level 5 in Transmutations
 12505 | D:9      | Reached skill level 5 in Fire Magic
 12505 | D:9      | Reached skill level 5 in Ice Magic
 12505 | D:9      | Reached skill level 5 in Air Magic
 12505 | D:9      | Reached skill level 5 in Earth Magic
 12505 | D:9      | Reached skill level 5 in Poison Magic
 13139 | D:9      | Found a basalt altar of Yredelemnul.
 13363 | D:8      | Lost mutation: You have an increased reservoir of magic.
                  | (+10% MP) [potion of mutation]
 13363 | D:8      | Lost mutation: Your body sometimes deteriorates upon taking
                  | damage. [potion of mutation]
 13363 | D:8      | Lost mutation: You are somewhat resistant to further
                  | mutation. [potion of mutation]
 13363 | D:8      | Gained mutation: You are partially covered in slimy green
                  | scales. (AC +2) [potion of mutation]
 13363 | D:8      | Gained mutation: You are strong-willed. (Will+) [potion of
                  | mutation]
 13363 | D:8      | Gained mutation: Armour fits poorly on your strangely
                  | shaped body. [potion of mutation]
 13363 | D:8      | Gained mutation: Your natural rate of healing is unusually
                  | fast. [potion of mutation]
 13428 | D:10     | Entered Level 10 of the Dungeon
 13662 | D:10     | Killed an unseen horror
 13767 | D:10     | Noticed Joseph
 13781 | D:10     | Killed Joseph
 13814 | D:10     | Noticed an orc sorcerer
 13816 | D:10     | Noticed a two-headed ogre
 13819 | D:10     | Found a roughly hewn altar of Beogh.
 13819 | D:10     | Noticed an orc high priest
 13819 | D:10     | Noticed a two-headed ogre
 13922 | D:10     | Found a transporter.
 13923 | D:10     | Found a transporter.
 13924 | D:10     | Noticed an ettin
 13928 | D:10     | Noticed a two-headed ogre
 13943 | D:10     | Identified a scroll of acquirement
 13943 | D:10     | Acquired 701 gold pieces
 13956 | D:10     | Killed a two-headed ogre
 14091 | D:10     | Escaped the Abyss
 14095 | D:10     | Noticed a soul eater
 14101 | D:10     | Killed a two-headed ogre
 14592 | D:10     | Lost mutation: Your natural rate of healing is unusually
                  | fast. [a neqoxec]
 14597 | D:10     | Noticed a sixfirhy
 14597 | D:10     | Noticed a sixfirhy
 14601 | D:10     | Killed a two-headed ogre
 14903 | D:10     | Killed an orc sorcerer
 14911 | D:10     | Killed an orc high priest
 14912 | D:10     | Reached XP level 12. HP: 79/96 MP: 22/22
 15012 | D:10     | Killed an ettin
 15880 | D:11     | Found Uropp's Book Emporium.
 15889 | D:11     | Found a staircase to the Lair.
 16222 | D:11     | Found a flickering gateway to a bazaar.
 16231 | Bazaar   | Entered a bazaar
 16244 | Bazaar   | Found Quxzi's Weapon Boutique.
 16244 | Bazaar   | Found Usiemos's Weapon Boutique.
 16262 | Bazaar   | Bought a +0 scimitar of holy wrath for 82 gold pieces
 16271 | Bazaar   | Found Yzxe's Armour Shop.
 16320 | Bazaar   | Found Feirr's Jewellery Boutique.
 16363 | Bazaar   | Bought +2 storm dragon scales for 1012 gold pieces
 16438 | D:11     | Found a staircase to the Orcish Mines.
 17301 | Lair:1   | Entered Level 1 of the Lair of Beasts
 17464 | Lair:1   | Reached skill level 10 in Fighting
 18038 | Lair:1   | Found a dark tunnel.
 19498 | Lair:2   | Found a staircase to the Swamp.
 19764 | Lair:2   | Noticed a six-headed hydra
 19775 | Lair:2   | HP: 1/97 [swamp worm (14)]
 19776 | Lair:2   | Mangled by a swamp worm

Illustrated notes

Levels and vault maps discovered:
D:1:      nzn_arrival_crosshair, layout_basic
D:2:      layout_basic
D:3:      lemuel_castle_with_subvaults [lemuel_castle_interior_carwin_3],
          layout_basic, chequers_ecumenical_altar_grove
D:4:      layout_loops_ring, gammafunk_ghost_stat_death
D:5:      wander_river, layout_loops_ring, grunt_dithmenos_smoke
D:6:      layout_loops_ring, zin_statuary, fedhas_ov_isle_minmay,
          nicolae_ossuary_entry_giza, nicolae_ru_sacrificial_ziggurat,
          uniq_pikel
D:7:      layout_cave_pools, lightli_temple_of_fire,
          minmay_temple_entry_poolview, serial_shops, shop_statue, basic_altar,
          uniq_maggie
D:8:      layout_basic, elyvilon_altar_1, marbit_many_paths,
          doesnt_shop_hydraphobe, uniq_maurice
D:9:      layout_irregular_city, nicolae_overflow_hidden_temple
D:10:     gammafunk_beogh_shrine, layout_long_grid, lightli_orcish_oven,
          uniq_joseph
D:11:     layout_stronghold, lair_entry_dummy, david_orc_2, serial_shops,
          bzr_firewalk, shop, serial_bayou_pond_a, item_on_display_a
Lair:1:   layout_cave_pods, enter_volcano_3, disabler_island
Lair:2:   layout_chaotic_city, minmay_swamp_entry_worms, serial_rivers,
          chequers_serial_rivers_small_a, chequers_serial_rivers_micro_a,
          chequers_serial_rivers_room_b, chequers_serial_rivers_micro_e

Skill      XL: |  1  2  3  4  5  6  7  8  9 10 11 12 |
---------------+-------------------------------------+-----
Short Blades   | 1 2 3 4 5 6 7 |  7.7
Long Blades    | 1 2 3 4 5 6 7 |  7.7
Maces & Flails | 1 2 3 4 5 6 7 |  7.7
Polearms       | 1 2 3 4 5 6 7 |  7.7
Staves         | 1 2 3 4 5 6 7 |  7.7
Slings         | 1 2 3 4 5 6 7 |  7.7
Bows           | 1 2 3 4 5 6 7 |  7.7
Crossbows      | 1 2 3 4 5 6 7 |  7.7
Throwing       | 1 2 3 4 5 6 7 |  7.7
Stealth        | 1 2 3 4 5 6 7 |  7.7
Shields        | 1 2 3 4 5 6 7 |  7.7
Unarmed Combat | 1 2 3 4 5 6 7 |  7.7
Spellcasting   | 1 2 3 4 5 6 7 |  7.7
Evocations     | 1 2 3 4 5 6 7 |  7.7
Conjurations   | 1 2 3 4 5 6 |  6.4
Hexes          | 1 2 3 4 5 6 |  6.4
Summonings     | 1 2 3 4 5 6 |  6.4
Necromancy     | 1 2 3 4 5 6 |  6.4
Translocations | 1 2 3 4 5 6 |  6.4
Transmutations | 1 2 3 4 5 6 |  6.4
Fire Magic     | 1 2 3 4 5 6 |  6.4
Ice Magic      | 1 2 3 4 5 6 |  6.4
Air Magic      | 1 2 3 4 5 6 |  6.4
Earth Magic    | 1 2 3 4 5 6 |  6.4
Poison Magic   | 1 2 3 4 5 6 |  6.4
Dodging        | 3 4 5 6 7 8 |  8.2
Invocations    | 5 6 7 8 9 |  9.6
Axes           | 5 6 7 8 9 |  9.0
Armour         | 5 6 7 8 9 |  9.0
Fighting       | 7 8 9 10 | 10.1

Action                   |  1- 3 |  4- 6 |  7- 9 | 10-12 || total
-------------------------+-------+-------+-------+-------++-------
Melee: Hand axe          |   118 |   203 |   163 |       ||   484
       Bite              |    11 |    26 |    66 |    71 ||   174
       Punch             |       |     1 |     1 |       ||     2
       Trident           |       |       |   319 |     5 ||   324
       War axe           |       |       |    12 |   551 ||   563
       Broad axe         |       |       |       |     8 ||     8
Throw: Dart              |       |       |       |     8 ||     8
Invok: Depart the Abyss  |     1 |       |       |     1 ||     2
       Banish            |       |       |     1 |       ||     1
       Bend Space        |       |       |       |     8 ||     8
       Enter the Abyss   |       |       |       |     1 ||     1
 Abil: Evoke Flight      |       |       |       |     1 ||     1
Evoke: Wand              |       |     5 |       |     2 ||     7
  Use: Potion            |     2 |     6 |       |     4 ||    12
       Scroll            |     7 |     1 |     9 |    18 ||    35
 Stab: Sleeping          |       |       |       |     2 ||     2
Armor: Ring mail         |    44 |       |       |       ||    44
       Leather armour    |     1 |       |       |       ||     1
       Fire dragon scale |     9 |   156 |   315 |   236 ||   716
       Storm dragon scal |       |       |       |    84 ||    84
Dodge: Dodged            |    80 |   140 |   293 |   291 ||   804
Block: Kite shield       |       |       |   156 |   379 ||   535

Table legend: (Time is in decaauts)
 A = Elapsed time spent in this place.
 B = Non-inter-level travel time spent in this place.
 C = Inter-level travel time spent in this place.
 D = Time resting spent in this place.
 E = Time spent auto-exploring this place.
 F = Levels seen in this place.
 G = Mean time per level.
                   A        B        C        D        E       F      G
               +--------+--------+--------+--------+--------+-----+--------+
         Total |  19968 |  19473 |    495 |   4330 |  11218 |  16 | 1248.0 |
       Dungeon |  16968 |  16532 |    436 |   3721 |   9219 |  11 | 1542.5 |
          Lair |   2481 |   2422 |     59 |    489 |   1674 |   2 | 1240.5 |
         Abyss |    369 |    369 |      0 |    120 |    228 |   2 |  184.5 |
        Bazaar |    149 |    149 |      0 |      0 |     96 |   1 |  149.0 |
               +--------+--------+--------+--------+--------+-----+--------+

Top non-repeatable levels by time:
     D:3: 2521 daAuts
     D:4: 2057 daAuts
     D:9: 1915 daAuts
    D:10: 1857 daAuts
    D:11: 1786 daAuts
     D:5: 1569 daAuts
  Lair:1: 1405 daAuts
     D:6: 1366 daAuts
     D:8: 1337 daAuts
  Lair:2: 1076 daAuts
     D:7: 953 daAuts
     D:1: 826 daAuts
     D:2: 775 daAuts
 Abyss:1: 369 daAuts
  Bazaar: 149 daAuts
